 Dungeon Crawl Stone Soup version 0.25-a0-578-gc91f01c39c (webtiles) character file.

Game seed: 5691668419465634422, levelgen mode: deterministic

24133 Flugslaktarn the Cleaver (level 12, -24/114 HPs)
             Began as a Deep Dwarf Fighter on Mar 6, 2020.
             Was an Elder of Makhleb.
             Annihilated by Jorgrun
             ... wielding an uncursed staff of earth
              (26 damage)
             ... on level 14 of the Dungeon.
             The game lasted 00:06:50 (9495 turns).

Flugslaktarn the Cleaver (Deep Dwarf Fighter)       Turns: 9495, Time: 00:06:51

Health: -24/114    AC: 15    Str: 25    XL:     12   Next: 78%
Magic:  14/14 (4)  EV:  7    Int: 14    God:    Makhleb [****..]
Gold:   386        SH: 18    Dex: 15    Spells: 11/11 levels left

rFire    . . .     SeeInvis .   m - +5 war axe
rCold    . . .     Gourm    .   c - +1 kite shield
rNeg     . . .     Faith    .   w - -1 chain mail (curse)
rPois    +         Spirit   .   C - +3 hat of Pondering {ponderous, MR+ MP+10 Int+5}
rElec    .         Reflect  .   z - scarf {repulsion}
rCorr    .         Harm     .   B - +0 pair of gloves
MR       ++...     Clarity  +   (no boots)
Stlth    ..........             (no amulet)
HPRegen  0.00/turn              g - +3 ring of dexterity
MPRegen  0.14/turn              o - ring of poison resistance

@: non-regenerating, repel missiles, slow
A: damage resistance, heal wounds, large bone plates 1, clarity, sense
surroundings 2, no regeneration
a: Heal Wounds, Minor Destruction, Lesser Servant of Makhleb, Major Destruction,
Renounce Religion


You were on level 14 of the Dungeon.
You worshipped Makhleb.
Makhleb was greatly pleased with you.
You were not hungry.

You visited 3 branches of the dungeon, and saw 16 of its levels.

You collected 706 gold pieces.
You spent 320 gold pieces at shops.

Inventory:

Hand Weapons
 m - a +5 war axe (weapon)
   (You took it off a wight on level 7 of the Dungeon)
Armour
 c - a +1 kite shield (worn)
 q - a +0 chain mail
   (You took it off Ijyb on level 5 of the Dungeon)
 s - a scarf of spirit shield
   (You found it on level 6 of the Dungeon)
 w - a cursed -1 chain mail (worn)
   (You found it on level 9 of the Dungeon)
 z - a scarf of repulsion (worn)
   (You found it on level 11 of the Dungeon)
 B - a +0 pair of gloves (worn)
   (You found it on level 11 of the Dungeon)
 C - the +3 hat of Pondering (worn) {ponderous, MR+ MP+10 Int+5}
   (You took it off Gastronok on level 11 of the Dungeon)

   It affects your intelligence (+5).
   It affects your resistance to hostile enchantments.
   It affects your magic capacity (+10).
   If you remove this armour, your AC will decrease by 3 (15 -> 12).
Jewellery
 g - a +3 ring of dexterity (left hand)
   (You found it on level 4 of the Dungeon)
 j - an uncursed ring of flight
   (You found it on level 6 of the Dungeon)
 o - a ring of poison resistance (right hand)
   (You found it on level 3 of the Dungeon)
Wands
 p - a wand of paralysis (9)
   (You found it on level 8 of the Dungeon)
 u - a wand of acid (8)
   (You found it on level 9 of the Dungeon)
 v - a wand of digging (6)
   (You found it on level 7 of the Dungeon)
 y - a wand of iceblast (9)
   (You found it on level 10 of the Dungeon)
Scrolls
 b - 2 scrolls of enchant armour
 l - a scroll of magic mapping
 t - 3 scrolls of teleportation
 x - 8 scrolls of remove curse
 D - 2 scrolls of fog
 E - a scroll of fear
Potions
 a - 2 potions of flight {unknown}
 d - 3 potions of might
 f - 2 potions of curing
 h - 2 potions of haste
 i - 2 potions of invisibility {unknown}
 n - 3 potions of resistance
 F - a potion of ambrosia {unknown}
Comestibles
 e - 29 rations
 k - 4 chunks of flesh


   Skills:
 + Level 9.0 Fighting
 * Level 13.9 Axes
 + Level 10.5 Armour
 + Level 10.6 Shields
 + Level 9.6 Invocations


You had 11 spell levels left.
You didn't know any spells.
Your spell library was empty.

Dungeon Overview and Level Annotations

Branches:
Dungeon (14/15)            Temple (1/1) D:7            Lair (1/6) D:8
    Orc (0/2) D:12
 Vaults: D:13-14

Altars:
Ashenzari
Cheibriados
Dithmenos
Elyvilon
Fedhas
Gozag
Hepliaklqana
Kikubaaqudgha
Makhleb
Nemelex Xobeh
Okawaru
Qazlal
Ru
Sif Muna
Trog
Uskayaw
Vehumet
Wu Jian
Xom
Yredelemnul
Zin
The Shining One

Shops:
D:5 %   D:8 *   D:10 }   D:12 =

Annotations:
D:11 3 runed translucent doors, Desuzo's ghost, journeyman GnWn
D:14 Jorgrun


Innate Abilities, Weirdness & Mutations

You are resistant to damage.
You can heal yourself by infusing magical energy.
You passively map the area around you.
You do not regenerate.
You are partially covered in large bone plates. (SH +4)
You possess an exceptional clarity of mind.


Message History

You feel much better.
Jorgrun points at you and mumbles some strange words.
You resist with almost no effort.
* * * LOW HITPOINT WARNING * * *
The grasping roots constrict you.
You feel much better. Jorgrun closely misses you.
* * * LOW HITPOINT WARNING * * *
The grasping roots constrict you!
You hit Jorgrun.
Jorgrun is severely wounded.
Jorgrun points at you and mumbles some strange words.
The iron shot hits you!!
* * * LOW HITPOINT WARNING * * *
x2 The grasping roots constrict you!
The grasping roots release their grip on you.
You slash Jorgrun!
Jorgrun is almost dead.
A human comes into view.
Jorgrun hits you but does no damage. Jorgrun crushes you!!
You die...

*.....#...... ....# ........... ,
,, #.. ,......#....,, . , #.
,.......... * ... ** #.
.........## #... ##.
..........### ##....# #..
,..........†.#####.......## ##..
,..........†...†..........## #..#
,#......###....g@..........###..#
....... ##.......#####....#..##
,......#***##.......# *#......#
,.^.... .........# ##......##
###### **###.#.....## #........#
, , *, ,,,#.##..#..###......... ,
#. #.....#........... ,, ,, #.
##.>p..........### , ' *,
#...........###


You could see Jorgrun and a human (wandering).

Vanquished Creatures
  Rupert (D:13)
  Gastronok (D:11)
  A centaur warrior (D:13)
  A death knight (D:12)
  2 two-headed ogres
  4 tengu warriors
  Sonja (D:12)
  A skeletal warrior (D:12)
  An unseen horror (D:14)
  A manticore (D:14)
  4 ugly things (D:14)
  A salamander (shapeshifter) (D:13)
  A centaur skeleton (D:9)
  A gargoyle (D:11)
  A freezing wraith (D:12)
  2 kobold demonologists (D:12)
  3 trolls
  A hornet (D:13)
  2 hippogriffs
  3 wraiths (D:12)
  2 humans
  Grum (D:8)
  A hungry ghost (D:9)
  2 vampire mosquitoes (D:12)
  A steam dragon (D:13)
  A warg (D:12)
  Edmund (D:5)
  Duvessa (D:5)
  A water moccasin (D:7)
  9 orc warriors
  5 sky beasts
  2 phantoms
  4 ice beasts
  2 black bears (D:7)
  2 wolves (D:8)
  5 ogres
  5 centaurs
  A big kobold (D:12)
  7 bullfrogs
  A wyvern skeleton (D:9)
  6 scorpions
  Dowan (D:5)
  9 killer bees
  4 wights (D:7)
  4 howler monkeys
  An electric eel (D:12)
  7 crimson imps
  A lava snake (D:12)
  A bullfrog zombie (D:12)
  2 centaur zombies
  17 orc priests
  6 hounds
  16 orc wizards
  6 jellies
  A bullfrog skeleton (D:7)
  5 iguanas
  Ijyb (D:5)
  4 worker ants
  2 hound skeletons
  A howler monkey skeleton (D:7)
  2 gnolls (D:3)
  12 adders
  2 shadow imps
  7 oozes
  4 adder skeletons
  2 worms
  3 dart slugs (D:2)
  3 leopard geckos
  64 orcs
  5 bats
  2 giant cockroaches
  4 goblins
  7 hobgoblins
  10 jackals
  A quokka (D:2)
  3 frilled lizards
  2 jackal skeletons
  7 kobolds
  2 leopard gecko skeletons (D:5)
  A quokka skeleton (D:7)
  5 rats
330 creatures vanquished.

Vanquished Creatures (collateral kills)
  A hydra (D:14)
1 creature vanquished.

Vanquished Creatures (others)
  An orc (D:12)
  A kobold (D:12)
  A fungus (D:8)
3 creatures vanquished.

Grand Total: 334 creatures vanquished

Notes
Turn   | Place    | Note
-------+----------+-------------------------------------------
     0 | D:1      | Flugslaktarn the Deep Dwarf Fighter began the quest for the
                  | Orb.
     0 | D:1      | Reached XP level 1. HP: 20/20 MP: 1/1
   117 | D:1      | Reached XP level 2. HP: 27/27 MP: 2/2
   228 | D:2      | Reached skill level 3 in Axes
   228 | D:2      | Reached XP level 3. HP: 28/33 MP: 3/3
   356 | D:2      | Found a snail-covered altar of Cheibriados.
   708 | D:4      | Reached XP level 4. HP: 23/42 MP: 4/4
   722 | D:4      | Reached skill level 4 in Axes
   722 | D:4      | Reached XP level 5. HP: 36/49 MP: 5/5
  1245 | D:4      | Found a shimmering blue altar of Sif Muna.
  1318 | D:4      | Found a shimmering altar of Xom.
  1621 | D:5      | Entered Level 5 of the Dungeon
  1627 | D:5      | Noticed Edmund
  1645 | D:5      | Reached XP level 6. HP: 51/57 MP: 5/5
  1652 | D:5      | Killed Edmund
  1652 | D:5      | Reached skill level 5 in Axes
  1701 | D:5      | Noticed Duvessa
  1701 | D:5      | Noticed Dowan
  1711 | D:5      | Killed Dowan
  1711 | D:5      | Reached XP level 7. HP: 40/64 MP: 6/6
  1719 | D:5      | Killed Duvessa
  1719 | D:5      | Reached skill level 5 in Armour
  1719 | D:5      | Reached skill level 5 in Shields
  1754 | D:5      | Noticed Ijyb
  1761 | D:5      | Killed Ijyb
  1761 | D:5      | Reached skill level 6 in Axes
  2008 | D:5      | Found Fimoerr's Food Boutique.
  2261 | D:6      | Reached XP level 8. HP: 40/73 MP: 5/5
  2328 | D:6      | Reached skill level 7 in Axes
  2373 | D:6      | Reached skill level 5 in Fighting
  2917 | D:7      | Found a bloodstained altar of Trog.
  2957 | D:7      | Reached skill level 8 in Axes
  3075 | D:7      | Gained mutation: You passively map the area around you.
                  | [Deep Dwarf growth]
  3075 | D:7      | Reached XP level 9. HP: 38/81 MP: 5/5
  3121 | D:7      | Found a staircase to the Ecumenical Temple.
  3152 | Temple   | Entered the Ecumenical Temple
  3691 | D:2      | Found a white marble altar of Elyvilon.
  4179 | D:8      | Noticed Grum
  4186 | D:8      | HP: 2/81 [wolf[Grum] (4)]
  4193 | D:8      | Killed Grum
  4194 | D:8      | Reached skill level 9 in Axes
  4398 | D:7      | Found a burning altar of Makhleb.
  4399 | D:7      | Found a radiant altar of Vehumet.
  4406 | D:7      | Became a worshipper of Makhleb the Destroyer
  4646 | D:7      | Reached skill level 1 in Invocations
  4793 | D:8      | Found a glowing golden altar of the Shining One.
  4793 | D:8      | Found a faded altar of an unknown god.
  4819 | D:8      | Found a faded altar of an unknown god.
  4821 | D:8      | Found a shattered altar of Ashenzari.
  4823 | D:8      | Found an iron altar of Okawaru.
  4850 | D:8      | Found a staircase to the Lair.
  4892 | D:8      | Reached * piety under Makhleb
  4914 | D:8      | Found Idepocul's Assorted Antiques.
  4919 | D:8      | Bought a potion of resistance for 320 gold pieces
  5293 | Lair:1   | Entered Level 1 of the Lair of Beasts
  5293 | Lair:1   | Noticed a four-headed hydra
  5336 | D:9      | Reached skill level 10 in Axes
  5406 | D:9      | Reached XP level 10. HP: 54/92 MP: 7/7
  5420 | D:9      | Noticed a two-headed ogre
  5432 | D:9      | Killed a two-headed ogre
  5870 | D:10     | Entered Level 10 of the Dungeon
  5870 | D:10     | Found Tant's Gadget Emporium.
  5947 | D:10     | Found a shattered altar of Ashenzari.
  6258 | D:10     | HP: 4/94 [ogre/+0 giant spiked club (16)]
  6293 | D:10     | Reached skill level 11 in Axes
  6308 | D:10     | Reached ** piety under Makhleb
  6392 | D:10     | Reached skill level 5 in Invocations
  6672 | D:11     | Found a runed translucent gate.
  6672 | D:11     | Found a runed translucent gate.
  6674 | D:11     | Found a runed translucent gate.
  6677 | D:11     | Noticed Desuzo's ghost (journeyman GnWn)
  6760 | D:11     | Noticed a gargoyle
  6774 | D:11     | Killed a gargoyle
  6829 | D:11     | Noticed a two-headed ogre
  6833 | D:11     | Killed a two-headed ogre
  6960 | D:11     | Noticed Gastronok
  6983 | D:11     | Killed Gastronok
  6983 | D:11     | Reached XP level 11. HP: 86/100 MP: 6/6
  7500 | D:12     | Noticed Sonja
  7523 | D:12     | Reached *** piety under Makhleb
  7525 | D:12     | Reached skill level 12 in Axes
  7531 | D:12     | Killed Sonja
  7578 | D:12     | Found a staircase to the Orcish Mines.
  7612 | D:12     | Noticed a skeletal warrior
  7646 | D:12     | Killed a skeletal warrior
  7785 | D:12     | Noticed a sun demon
  7829 | D:12     | Found Enarell's Jewellery Boutique.
  7963 | D:12     | Found a flagged portal.
  8064 | D:12     | Noticed a death knight
  8085 | D:12     | Killed a death knight
  8243 | D:13     | Noticed a tengu warrior
  8243 | D:13     | Noticed a tengu warrior
  8276 | D:13     | Killed a tengu warrior
  8281 | D:13     | Killed a tengu warrior
  8281 | D:13     | Reached XP level 12. HP: 69/111 MP: 6/6
  8325 | D:13     | Reached **** piety under Makhleb
  8345 | D:13     | Noticed a tengu warrior
  8369 | D:13     | Killed a tengu warrior
  8369 | D:13     | Reached skill level 13 in Axes
  8369 | D:13     | Reached skill level 10 in Shields
  8370 | D:13     | Noticed a centaur warrior
  8383 | D:13     | Killed a centaur warrior
  8383 | D:13     | Reached skill level 10 in Armour
  8483 | D:13     | Noticed Rupert
  8515 | D:13     | Killed Rupert
  9237 | D:13     | Gained mutation: You are clumsy. (Dex -2) [potion of
                  | mutation]
  9237 | D:13     | Lost mutation: You are clumsy. (Dex -2) [potion of
                  | mutation]
  9238 | D:13     | Gained mutation: You are partially covered in large bone
                  | plates. (SH +4) [potion of mutation]
  9238 | D:13     | Gained mutation: You possess an exceptional clarity of
                  | mind. [potion of mutation]
  9382 | D:14     | Noticed a tengu warrior
  9402 | D:14     | Killed a tengu warrior
  9446 | D:14     | Noticed Jorgrun
  9448 | D:14     | Noticed a seven-headed hydra
  9466 | D:14     | HP: 3/114 [11-headed hydra (4)]
  9473 | D:14     | Killed a 12-headed hydra
  9490 | D:14     | HP: 4/114 [Jorgrun/uncursed staff of earth (3)]
  9495 | D:14     | Annihilated by Jorgrun

Levels and vault maps discovered:
D:1:      dpeg_arrival_rhombus, layout_rooms
D:2:      layout_loops_ring, cheibriados_altar_1, elyvilon_altar_5,
          first_ration, corexii_leaking_fountain, hex_medium
D:3:      lemuel_castle_with_subvaults [lemuel_castle_interior_original],
          layout_basic
D:4:      layout_layer_cave, kennysheep_mini_moat, lemuel_blue_sif_altar
D:5:      layout_rooms, serial_shops, nicolae_shop_behind_doors,
          kennysheep_generic_room_4, uniq_duvessa, uniq_edmund, uniq_ijyb
D:6:      layout_basic
D:7:      layout_cave_pods, grunt_temple_overflow_lords_of_destruction,
          trog_ov_bears_minmay, minmay_temple_entry_tees, st_stairs_11,
          minmay_misc_feat_ornament, kennysheep_small_circle
D:8:      layout_loops_ring, chequers_temple_overflow_minitemple,
          dpeg_oklobed_lair, serial_shops, nicolae_shop_crystal, uniq_grum
D:9:      layout_cave_pools
D:10:     layout_long_grid, basic_altar, serial_shops, shop,
          hangedman_little_slice_of_home, evilmike_butchery
D:11:     layout_basic, gammafunk_ghost_spectres, uniq_gastronok
D:12:     layout_roguey, erik_orc_4, enter_bailey_2, serial_shops, shop,
          nicolae_lava_and_water, uniq_sonja
D:13:     layout_layer_cave, uniq_rupert
D:14:     layout_layer_cave, grunt_vaults_entry_tiered, gauntlet_entry_generic,
          kennysheep_cross_bottleneck, nemelex_diamond_rough_becter,
          uniq_jorgrun
Temple:   nicolae_temple_god_jail
Lair:1:   layout_cave_pods

Skill      XL: |  1  2  3  4  5  6  7  8  9 10 11 12 |
---------------+-------------------------------------+-----
Axes           | 3 4 5 6 8 10 11 12 13 | 13.9
Fighting       | 3 4 5 6 7 8 9 |  9.0
Armour         | 4 5 6 7 8 9 10 | 10.5
Shields        | 4 5 6 7 9 10 | 10.6
Invocations    | 3 6 8 9 |  9.6

Action                   |  1- 3 |  4- 6 |  7- 9 | 10-12 || total
-------------------------+-------+-------+-------+-------++-------
Melee: War axe           |    87 |    89 |   480 |   577 ||  1233
Invok: Lesser Servant of |       |       |       |     2 ||     2
 Abil: Heal Wounds       |       |     6 |    22 |    48 ||    76
Evoke: Wand              |       |       |       |     2 ||     2
  Use: Scroll            |       |       |    10 |     3 ||    13
       Potion            |       |       |       |     2 ||     2
 Stab: Paralysed         |       |       |       |     3 ||     3
  Eat: Ration            |       |     1 |     1 |     1 ||     3
       Chunk             |       |       |     9 |    12 ||    21
Armor: Scale mail        |    39 |    69 |     8 |       ||   116
       Chain mail        |       |       |   197 |   296 ||   493
Dodge: Dodged            |    24 |    57 |    97 |   179 ||   357
       Deflected         |       |       |       |     5 ||     5
Block: Kite shield       |    45 |    87 |   321 |   478 ||   931

Table legend:
 A = Non-vault XP
 B = Vault XP
 C = Vault XP percentage of total XP
 D = Non-vault monster count
 E = Vault monster count
 F = Vault count percentage of total count
                 A         B        C        D         E       F
            +---------+---------+-------+---------+---------+-------
      Total |   26059 |    8417 |  24.4 |     281 |      51 |  15.4
            +---------+---------+-------+---------+---------+-------
        D:1 |      16 |       0 |   0.0 |      10 |       0 |   0.0
        D:2 |      82 |       0 |   0.0 |      24 |       0 |   0.0
        D:3 |      31 |      37 |  54.4 |       5 |       6 |  54.5
        D:4 |     238 |       0 |   0.0 |      18 |       0 |   0.0
        D:5 |     437 |     446 |  50.5 |      20 |       5 |  20.0
        D:6 |     841 |       0 |   0.0 |      24 |       0 |   0.0
        D:7 |    1387 |     471 |  25.3 |      32 |       8 |  20.0
        D:8 |     769 |     414 |  35.0 |      19 |       3 |  13.6
        D:9 |    2281 |       0 |   0.0 |      13 |       0 |   0.0
       D:10 |    1639 |     162 |   9.0 |      27 |       8 |  22.9
       D:11 |    2448 |    2297 |  48.4 |      11 |       1 |   8.3
       D:12 |    4995 |    1588 |  24.1 |      35 |      18 |  34.0
       D:13 |    5260 |    2792 |  34.7 |      31 |       1 |   3.1
       D:14 |    5635 |     210 |   3.6 |      12 |       1 |   7.7
            +---------+---------+-------+---------+---------+-------
